 Dungeon Crawl Stone Soup version 0.29.1-15-g9cfb28693d (webtiles) character file.

Game seed: 1631258274615965063

991 hawla the Firebug (level 8, -2/85 HPs)
             Began as a Meteoran Fire Elementalist on Mar 2, 2023.
             Was a Follower of Vehumet.
             Slain by Duvessa
             ... wielding a +0 short sword
              (5 damage)
             ... on level 6 of the Dungeon.
             The game lasted 00:09:48 (2204 turns).

hawla the Firebug (Meteoran Fire Elementalist)      Turns: 2204, Time: 00:09:48

Health: -2/85      AC: 24    Str: 11    XL:     8   Next: 69%
Magic:  1/15       EV:  2    Int: 18    God:    Vehumet [*.....]
Gold:   151        SH:  0    Dex: 14    Spells: 3/15 levels left

rFire   . . .      SeeInvis .   s - staff of earth
rCold   . . .      Faith    .   (no shield)
rNeg    . . .      Spirit   .   (body armour currently unavailable)
rPois   +          Reflect  .   (helmet currently unavailable)
rElec   .          Harm     .   (cloak currently unavailable)
rCorr   .          Rampage  .   (gloves currently unavailable)
Will    +....      NoTele   +   (boots currently unavailable)
Stlth   +.........              p - amulet of the acrobat
HPRegen 0.24/turn               (no ring)
MPRegen 0.14/turn               (no ring)

@: tree-form, glowing
A: stationary, stasis, torment immunity, boosted hp, sense surroundings 1,
otherworldly, glowing, explore regen, (claws 1)
a: Renounce Religion


You were on level 6 of the Dungeon.
You worshipped Vehumet.
Vehumet was aware of your devotion.
You were a tree.
You visited 2 branches of the dungeon, and saw 7 of its levels.
You also visited: Sewer.

You collected 236 gold pieces.
You spent 85 gold pieces at shops.

Inventory:

Armour
 a - a +0 robe (melded)
 b - a +0 pair of gloves (melded)
 j - a +0 cloak (melded)
Magical Staves
 f - a staff of death
 s - a staff of earth (weapon)
Jewellery
 c - a ring of ice
 p - an amulet of the acrobat (around neck)
Scrolls
 d - a scroll of magic mapping
 m - a scroll of summoning {unknown}
 o - 2 scrolls of teleportation
 q - a scroll of fear {unknown}
 r - 3 scrolls of butterflies {unknown}
Potions
 h - a potion of brilliance
 i - a potion of heal wounds
 k - a potion of curing
 l - 2 potions of might
 n - a potion of cancellation {unknown}


   Skills:
 - Level 2.5 Dodging
 - Level 1.4 Stealth
 - Level 0.2 Unarmed Combat
 - Level 4.4 Spellcasting
 + Level 6.2 Conjurations
 - Level 3.0 Necromancy
 + Level 7.5 Fire Magic
 - Level 3.0 Evocations


You had 3 spell levels left.
You knew the following spells:

 Your Spells              Type           Power      Damage    Failure   Level
a - Foxfire               Conj/Fire      100%       2x1d9     1%          1
b - Scorch                Fire           62%        2d8       1%          2
c - Flame Wave            Conj/Fire      28%        2d9       9%          4
d - Fireball              Conj/Fire      14%        3d8       22%         5

Your spell library contained the following spells:

 Spells                   Type           Power      Damage    Failure   Level
 Freeze                   Ice            16%        1d4       14%         1
 Conjure Flame            Conj/Fire      28%        6-21      2%          3
 Inner Flame              Hex/Fire       17%        N/A       9%          3
 Ignite Poison            Fire/Tmut/Pois 13%        N/A       16%         3
 Wereblood                Tmut           4%         N/A       22%         2
 Gell's Gravitas          Tloc           4%         N/A       38%         3
 Lesser Beckoning         Tloc           4%         N/A       38%         3
 Teleport Other           Tloc           4%         N/A       38%         3
 Statue Form              Tmut/Erth      4%         N/A       100%        6


Dungeon Overview and Level Annotations

Branches:
Dungeon (6/15) Zot: 1800   Temple (1/1) D:4 Zot: 386   Sewer (visited)

Altars:
Ashenzari
Cheibriados
Fedhas
Hepliaklqana
Kikubaaqudgha
Nemelex Xobeh
Okawaru
Qazlal
Ru
Sif Muna
Uskayaw
Vehumet
Wu Jian
Xom
Yredelemnul
Zin
The Shining One

Shops:
D:3 *

Annotations:
D:6 Duvessa


Innate Abilities, Weirdness & Mutations

You are a tree.
Your roots penetrate the ground, keeping you stationary.
You cannot be teleported.
You are immune to unholy pain and torment.
Your maximum health is greatly increased.
Your equipment is partially melded.
You passively map a small area around you.
You are easily found by Zot.
You glow in the dark.
You regain HP and MP as you explore.
((You have sharp fingernails.))


Message History

Press: ? - help, Dir - look around, f - activate A wave of flame ripples out!
The flame wave engulfs Duvessa.
Duvessa is burned terribly!
Duvessa is severely wounded. (Press . to intensify the flame waves.) Duvessa hits you with a +0 short sword!
Without enough magic to sustain them, the waves of flame dissipate.
Duvessa hits you but does no damage. Duvessa hits you with a +0 short sword.
* * * LOW HITPOINT WARNING * * *
It was a potion of curing.
You feel better. Duvessa hits you but does no damage.
You are too injured to fight recklessly!
You are too injured to fight recklessly!
You hit Duvessa but do no damage.
Duvessa is severely wounded.
Duvessa barely misses you. Duvessa hits you with a +0 short sword!
* * * LOW HITPOINT WARNING * * *
You barely miss Duvessa.
Duvessa is heavily wounded.
Duvessa completely misses you. Duvessa hits you with a +0 short sword!
* * * LOW HITPOINT WARNING * * *
You hit Duvessa but do no damage.
Duvessa is heavily wounded.
Duvessa hits you but does no damage.
The orc priest casts a cantrip, but nothing happens.
You hit Duvessa but do no damage.
Duvessa is heavily wounded.
Duvessa is no longer more vulnerable to fire.
Duvessa hits you with a +0 short sword.
* * * LOW HITPOINT WARNING * * *
Duvessa hits you but does no damage.
You hit Duvessa.
Duvessa is severely wounded.
Duvessa hits you with a +0 short sword.
* * * LOW HITPOINT WARNING * * *
Duvessa hits you but does no damage.
You hit Duvessa.
Duvessa is severely wounded.
Duvessa hits you but does no damage. Duvessa hits you with a +0 short sword.
You die...

#.......#.#.#
*#.#
,#.(.#####.#.#
,* *
##..##...#.^#
,* *
#..##..###.##
, * #.....##
##.# ,*
#)###..###.##
, #. #.#.#.##
,* * #.
#.##.##### ##
####.###♣# , ,
8 *
#.##.#e))....
,,
##.#.###.#####
* , 8#...##
#.# , _ #..#.#
## * #####.#,*
+ * *#.#* , ##
* , *


You could see Duvessa (berserk).

Vanquished Creatures
  Prince Ribbit (D:5)
  Pargi (Sewer)
  2 black bears (D:5)
  An ogre (D:5)
  2 scorpions (D:5)
  Dowan (D:6)
  3 hounds
  2 orc priests
  An iguana (D:5)
  3 adders
  A dart slug (D:3)
  15 orcs
  4 giant cockroaches
  A goblin (D:4)
  2 hobgoblins
  4 quokkas
  6 ball pythons
  3 bats
  6 frilled lizards
  7 kobolds
  2 rats
68 creatures vanquished.

Vanquished Creatures (others)
  120 foxfires
120 creatures vanquished.

Grand Total: 188 creatures vanquished

Notes
Turn   | Place    | Note
-------+----------+-------------------------------------------
     0 | D:1      | hawla the Meteoran Fire Elementalist began the quest for
                  | the Orb.
     0 | D:1      | Reached XP level 1. HP: 14/14 MP: 5/5
    75 | D:1      | Reached XP level 2. HP: 17/20 MP: 1/6
    79 | D:1      | Learned a level 2 spell: Scorch
   130 | D:2      | Reached skill level 4 in Fire Magic
   304 | D:2      | Reached XP level 3. HP: 26/26 MP: 4/8
   307 | D:3      | Found Soerel's Assorted Antiques.
   325 | D:3      | Bought a scroll labelled HUBRUDYGRA for 31 gold pieces
   325 | D:3      | Bought a murky puce potion for 27 gold pieces
   325 | D:3      | Bought a brown potion for 27 gold pieces
   346 | D:3      | Gained mutation: You have sharp fingernails. [potion of
                  | mutation]
   350 | D:3      | Reached XP level 4. HP: 21/33 MP: 1/10
   401 | D:3      | Got the Incunabulum of Shaping and the Arsonist
   537 | D:4      | Reached skill level 5 in Fire Magic
   537 | D:4      | Reached XP level 5. HP: 34/38 MP: 3/11
   602 | D:4      | Learned a level 4 spell: Flame Wave
   775 | D:4      | Found a staircase to the Ecumenical Temple.
   786 | Temple   | Entered the Ecumenical Temple
   978 | Temple   | Became a worshipper of Vehumet
  1019 | D:5      | Entered Level 5 of the Dungeon
  1028 | D:5      | Noticed a black bear
  1036 | D:5      | Killed a black bear
  1037 | D:5      | Reached skill level 5 in Conjurations
  1037 | D:5      | Reached XP level 6. HP: 13/45 MP: 0/12
  1043 | D:5      | Found a glowing drain.
  1052 | D:5      | Noticed Prince Ribbit
  1057 | D:5      | Killed Prince Ribbit
  1058 | D:5      | Reached XP level 7. HP: 34/50 MP: 1/13
  1065 | Sewer    | Entered a sewer
  1105 | Sewer    | Noticed Pargi
  1108 | Sewer    | Killed Pargi
  1272 | D:5      | Learned a level 5 spell: Fireball
  1399 | D:5      | Reached XP level 8. HP: 57/57 MP: 8/15
  1415 | D:5      | Reached skill level 6 in Fire Magic
  1621 | D:5      | Reached skill level 7 in Fire Magic
  1751 | D:5      | Reached * piety under Vehumet
  1751 | D:5      | Offered knowledge of Freeze by Vehumet.
  2187 | D:6      | Noticed Dowan
  2187 | D:6      | Noticed Duvessa
  2190 | D:6      | Killed Dowan
  2203 | D:6      | HP: 3/85 [Duvessa/+0 short sword (5)]
  2204 | D:6      | Slain by Duvessa

Illustrated notes

Levels and vault maps discovered:
D:1:      dpeg_arrival_arbitrary_b, layout_rooms
D:2:      layout_loops_ring, ebering_ecumenical_altar_webs, minmay_pentomino_q4,
          uniq_jessica
D:3:      layout_basic, serial_co_window_serial, co_window_paths_a,
          co_window_paths_a, co_window_paths_a, co_window_paths_a,
          co_window_paths_b, co_window_broadway_a, co_window_corner_b,
          co_window_of_opportunity_b, co_window_corner_b, co_window_corner_b,
          co_window_sun, co_window_paths_e, glass_columns_a, glass_columns_b,
          glass_columns_c, glass_columns_b, serial_shops, nicolae_shop_trees
D:4:      layout_loops_cross, temple_green
D:5:      layout_loops_corners, cheibrodos_sewer_entry_drain,
          serial_bayou_pond_e, uniq_prince_ribbit1
D:6:      layout_loops_ring, ebering_ghost_gozag, uniq_duvessa, uniq_edmund
Temple:   nicolae_temple_bog_church

Skill      XL: |  1  2  3  4  5  6  7  8 |
---------------+-------------------------+-----
Fire Magic     | 4 5 7 |  7.5
Spellcasting   | 3 4 |  4.4
Conjurations   | 2 5 6 |  6.2
Necromancy     | 2 3 |  3.0
Evocations     | 2 3 |  3.0
Dodging        | |  2.5
Stealth        | |  1.4
Unarmed Combat | |  0.2

Action                   |  1- 3 |  4- 6 |  7- 9 || total
-------------------------+-------+-------+-------++-------
Melee: Unarmed           |    12 |     2 |       ||    14
       Staff             |       |     1 |     9 ||    10
 Cast: Foxfire           |    30 |    19 |    24 ||    73
       Scorch            |     9 |    18 |    21 ||    48
       Flame Wave        |       |       |     2 ||     2
       Fireball          |       |       |     1 ||     1
  Use: Potion            |     4 |       |     3 ||     7
       Scroll            |       |     6 |     2 ||     8
Armor: Robe              |     2 |     6 |     1 ||     9
       Skin              |       |       |     8 ||     8
Dodge: Dodged            |    11 |    11 |    10 ||    32
